[Event "Late-Titled-Tuesday-Blitz-June-18-2024"]
[Site "Chess.com"]
[Date "2024.06.18"]
[Round "1"]
[White "nitpicker"]
[Black "DryCounty"]
[Result "0-1"]
[WhiteElo "2346"]
[BlackElo "2650"]
[TimeControl "180+1"]
[EndTime "14:05:48 PDT"]
[Termination "DryCounty won by checkmate"]

1. d4 Nf6 2. c4 g6 3. Nc3 Bg7 4. e4 d6 5. Be2 O-O 6. Nf3 e5 7. O-O c6 8. h3 exd4 9. Nxd4 Re8 10. Bf3 Nbd7 11. Nb3 Ne5 12. Be2 Be6 13. Nd2 d5 14.
cxd5 cxd5 15. f4 Nc4 16. Nxc4 dxc4 17. Be3 Nxe4 18. Nxe4 Bf5 19. Nd6 Rxe3 20. Nxf5 Qxd1 21. Bxd1 gxf5 22. Rb1 Rd8 23. Bf3 Rd2 24. Rf2 Red3 25.
Be2 Bd4 26. Bxd3 Bxf2+ 27. Kf1 cxd3 28. Rc1 Bd4 29. Rc8+ Kg7 30. b3 Rd1# 0-1

[Event "Late-Titled-Tuesday-Blitz-June-18-2024"]
[Site "Chess.com"]
[Date "2024.06.18"]
[Round "1"]
[White "toninhojit"]
[Black "dropstoneDP"]
[Result "0-1"]
[WhiteElo "2504"]
[BlackElo "2979"]
[TimeControl "180+1"]
[EndTime "14:05:49 PDT"]
[Termination "dropstoneDP won by resignation"]

1. d4 d5 2. c4 dxc4 3. e3 e5 4. Bxc4 exd4 5. Nf3 Bb4+ 6. Kf1 Nf6 7. Qb3 Qe7 8. Bxf7+ Qxf7 9. Qxb4 Nc6 10. Qa4 Bd7 11. exd4 O-O-O 12. Na3 Kb8 13. Be3 Ne5 14. Nxe5 Qh5 15.
Nxd7+ Rxd7 16. Qd1 Ng4 17. h3 Nxe3+ 18. fxe3 Qg5 19. Nc2 h5 20. Qd3 Rf8+ 21. Kg1 Rdf7 22. Kh2 Rf2 23. Qe4 h4 24. Rhf1 Qg3+ 25. Kh1 Rxf1+ 0-1

[Event "Late-Titled-Tuesday-Blitz-June-18-2024"]
[Site "Chess.com"]
[Date "2024.06.18"]
[Round "1"]
[White "Korchmar_Vasiliy"]
[Black "N_I_Chess"]
[Result "1-0"]
[WhiteElo "2644"]
[BlackElo "2339"]
[TimeControl "180+1"]
[EndTime "14:05:50 PDT"]
[Termination "Korchmar_Vasiliy won by resignation"]

1. d4 Nf6 2. c4 e6 3. Nf3 Bb4+ 4. Nbd2 O-O 5. e3 d5 6. a3 Bd6 7.
c5 Be7 8. b4 Re8 9. Bd3 c6 10.
O-O Nbd7 11. Bb2 b6 12. Qc2 Bb7 13. Ne5 h6 14. f4 a5 15. h3 b5 16. g4 Nxe5 17.
fxe5 Nd7 18. Bh7+ Kh8 19. Rxf7 Rf8 20. Raf1 Bg5 21. Qg6 Bxe3+ 22. Kg2 Rg8 23. Bxg8 Qxg8 24. Rxd7 Bc8 25. Rxg7 Qxg7 26. Qe8+ Qg8 27. Rf8 Bd7 28. Rxg8+ 1-0

[Event "Late-Titled-Tuesday-Blitz-June-18-2024"]
[Site "Chess.com"]
[Date "2024.06.18"]
[Round "1"]
[White "Mops_2004"]
[Black "Heliosis11"]
[Result "1-0"]
[WhiteElo "2815"]
[BlackElo "2462"]
[TimeControl "180+1"]
[EndTime "14:05:51 PDT"]
[Termination "Mops_2004 won by resignation"]

1. g3 d5 2. Nf3 Nf6 3. Bg2 c5 4. O-O Nc6 5. d4 cxd4 6. Nxd4 g6 7. c4 Bg7 8. cxd5 Nxd5 9. Nxc6 bxc6 10. Qc2 Bd7 11.
e4 Nf6 12. Rd1 O-O 13. Nc3 Qc8 14. Bf4 Rd8 15. Rac1 Qb7 16. Na4 Bg4 17. Rxd8+ Rxd8 18. h3 Be6 19. Nc5 Qc8 20. Kh2 h5 21. Bg5 Kh7 22.
b3 a5 23. Nxe6 Qxe6 24. Qxc6 Qxc6 25. Rxc6 Rd4 26. Be3 Rb4 27. Bc5 Rb7 28. Ra6 Rc7 29. Rxa5 Nd7 30. Bxe7 Rc2 31. f4 Nb8 32. e5 Nc6 33.
Rc5 Nd4 34. Rxc2 Nxc2 35. Bd5 Ne3 36. Bxf7 1-0

[Event "Late-Titled-Tuesday-Blitz-June-18-2024"]
[Site "Chess.com"]
[Date "2024.06.18"]
[Round "1"]
[White "Dhaydon19"]
[Black "ClauAmura"]
[Result "1-0"]
[WhiteElo "2656"]
[BlackElo "2352"]
[TimeControl "180+1"]
[EndTime "14:05:53 PDT"]
[Termination "Dhaydon19 won by resignation"]

1. d4 d5 2. c4 Nc6 3. cxd5 Qxd5 4. Nf3 e5 5. Nc3 Bb4 6. Bd2 Bxc3 7. Bxc3 e4 8. Ne5 Nge7 9. e3 Nxe5 10. dxe5 Be6 11. Qc2 O-O 12. Be2 c5 13. O-O Ng6 14. Rfd1 Qc6 15. Rd6 Qc7 16. Qxe4 Rad8 17. Rxd8 Rxd8 18.
a4 Bb3 19. a5 Re8 20. f4 f6 21.
Bc4+ Bxc4 22. Qxc4+ Qf7 23. Qxf7+ Kxf7 24. exf6 gxf6 25. Kf2 Ne7 26. e4 f5 27. Re1 fxe4 28. Rxe4 Rd8 29. g4 Nd5 30. Be5 Nb4 31. Ke2 Nc6 32.
Bc3 h5 33. h3 hxg4 34. hxg4 Rg8 35. g5 Kg6 36. Kf3 Rd8 37. Re6+ Kf7 38. f5 Nd4+ 39. Bxd4 Rxd4 40. g6+ Kg7 41. Re7+ Kf6 42. Rf7+ Kg5 43. g7 Rf4+ 44. Ke3 1-0

[Event "Late-Titled-Tuesday-Blitz-June-18-2024"]
[Site "Chess.com"]
[Date "2024.06.18"]
[Round "1"]
[White "aranibos"]
[Black "scandalgod"]
[Result "0-1"]
[WhiteElo "2280"]
[BlackElo "2619"]
[TimeControl "180+1"]
[EndTime "14:05:53 PDT"]
[Termination "scandalgod won on time"]

1. Nf3 d5 2. d4 Nf6 3. Bg5 Ne4 4.
Bf4 e6 5. e3 Nd7 6. Nbd2 Ndf6 7. Bd3 Bd6 8. Bg3 O-O 9. c3 b6 10. Qc2 Bb7 11. Bh4 Be7 12. Bxf6 Nxf6 13. h4 c5 14. Ng5 h6 15. Nh7 c4 16. Nxf6+ Bxf6 17.
Be2 b5 18. e4 e5 19. dxe5 Bxe5 20. O-O-O Qb6 21. Rhf1 d4 22. cxd4 Bxd4 23. f3 Rac8 24. Kb1 Rc7 25. Rc1 Rfc8 26. Qd1 a5 27. Ka1 a4 28. a3 c3 29. bxc3 Rxc3 30. Rxc3 Rxc3 31. Ka2 Qe6+ 32. Nc4 Rxc4 33. Bxc4 Qxc4+ 34. Kb1 b4 0-1

[Event "Late-Titled-Tuesday-Blitz-June-18-2024"]
[Site "Chess.com"]
[Date "2024.06.18"]
[Round "1"]
[White "Defenstrator"]
[Black "ZverevLev"]
[Result "0-1"]
[WhiteElo "2380"]
[BlackElo "2705"]
[TimeControl "180+1"]
[EndTime "14:05:55 PDT"]
[Termination "ZverevLev won by resignation"]

1. e4 e5 2. Nf3 Nc6 3. Bc4 Bc5 4. c3 Nf6 5. d4 exd4 6. cxd4 Bb4+ 7. Nc3 Nxe4 8. O-O Bxc3 9. d5 Ne5 10. bxc3 Nxc4 11. Qd4 O-O 12. Qxe4 Nd6 13. Qf4 b6 14. Ba3 Ba6 15. Rfe1 Qf6 16. Qxf6 gxf6 17. Bxd6 cxd6 18.
Nd4 Rfe8 19. Nf5 Re5 20. g4 Rae8 21. Rxe5 Rxe5 22. f4 Re2 23. Nxd6 h6 24. Nf5 Re4 25. Nxh6+ Kf8 26. Nf5 Rxf4 27. h3 Rf3 28. Kg2 Rxc3 29. h4 Bb7 30. Rd1 Rc5 31. Ne3 Ra5 32. Rd2 Ra3 33.
Kf2 Rc3 34. h5 Ba6 35. h6 Bd3 36. Kf3 Bh7 37. Kf4 b5 38. Nf5 Rc4+ 39. Rd4 a5 40. Rxc4 bxc4 41. Ne3 c3 42. Kf3 c2 43. Nxc2 Bxc2 0-1

[Event "Late-Titled-Tuesday-Blitz-June-18-2024"]
[Site "Chess.com"]
[Date "2024.06.18"]
[Round "1"]
[White "Javokhir_Sindarov05"]
[Black "HowTo2Draw"]
[Result "1-0"]
[WhiteElo "3064"]
[BlackElo "2519"]
[TimeControl "180+1"]
[EndTime "14:05:56 PDT"]
[Termination "Javokhir_Sindarov05 won by resignation"]

1. e4 c6 2. d4 d5 3. f3 dxe4 4. fxe4 e5 5. Nf3 Bg4 6. c3 Nd7 7. Bc4 Ngf6 8. Qb3 Bh5 9. Ng5 Qe7 10. Qxb7 Rb8 11. Qxc6 exd4 12. cxd4 h6 13. Nf3 Qxe4+ 14. Qxe4+ Nxe4 15. O-O Be7 16. Re1 Nd6 17. Bd3 Bxf3 18. gxf3 Kd8 19. Nd2 Bg5 20. Nb3 Bxc1 21. Raxc1 Re8 22.
Rxe8+ Kxe8 23. Rc7 a5 24. Ra7 Nb6 25. Ra6 a4 26.
Nc5 a3 27. b3 Ke7 28. Rxa3 Nd5 29. Ra7+ Kf8 30. Nd7+ 1-0

[Event "Late-Titled-Tuesday-Blitz-June-18-2024"]
[Site "Chess.com"]
[Date "2024.06.18"]
[Round "1"]
[White "Oleksandr_Bortnyk"]
[Black "topin8"]
[Result "1-0"]
[WhiteElo "3054"]
[BlackElo "2519"]
[TimeControl "180+1"]
[EndTime "14:05:56 PDT"]
[Termination "Oleksandr_Bortnyk won on time"]

1. e4 e5 2. Bc4 Nf6 3. d3 Nc6 4.
Nc3 Bb4 5. Bd2 O-O 6. Nge2 Na5 7.
Bb3 Nxb3 8. axb3 d5 9. O-O dxe4 10. dxe4 a6 11. Bg5 Be7 12. Ng3 Qxd1 13. Rfxd1 c6 14.
Na4 Bg4 15. f3 Be6 16. Bxf6 gxf6 17. Kf2 Rfd8 18. Ke2 Rxd1 19. Rxd1 Rd8 20. Rxd8+ Bxd8 21. Nc5 Bc8 22. Nf5 Bb6 23. b4 Bxf5 24. exf5 a5 25. Nd7 Bd8 26. bxa5 Bxa5 27. Nxf6+ Kg7 28. Ne8+ Kf8 29. Nd6 b5 30. Kd3 Bc7 31. Ne4 Ke7 32. g4 f6 33. h4 h6 34. c4 Bb6 35. cxb5 cxb5 36. Nc3 Bf2 37. h5 Bd4 38. b3 1-0

[Event "Late-Titled-Tuesday-Blitz-June-18-2024"]
[Site "Chess.com"]
[Date "2024.06.18"]
[Round "1"]
[White "Mikayel99"]
[Black "Tulipnoir"]
[Result "1-0"]
[WhiteElo "2657"]
[BlackElo "2353"]
[TimeControl "180+1"]
[EndTime "14:05:57 PDT"]
[Termination "Mikayel99 won on time"]

1. d4 Nf6 2. Nc3 d5 3. e4 dxe4 4. f3 exf3 5. Nxf3 Bg4 6. h3 Bh5 7. g4 Bg6 8. Ne5 Nbd7 9. Nxg6 hxg6 10. Bc4 e6 11. Be3 Nb6 12. Bb5+ c6 13. Bd3 Nbd5 14.
Bg5 Qa5 15. Bd2 Nxc3 16. bxc3 Be7 17. Qf3 Qd5 18. O-O Qxf3 19. Rxf3 O-O 20. Rb1 b6 21. g5 Nd7 22. Ba6 c5 23. Bf4 cxd4 24. cxd4 e5 25. dxe5 Nc5 26. Bc4 Rad8 27. Rbf1 Rd4 28.
Bb5 Ne6 29. h4 Bc5 30. Kg2 Rd5 31. Bc4 Rd4 32. Bb3 a5 33. Be3 1-0

[Event "Late-Titled-Tuesday-Blitz-June-18-2024"]
[Site "Chess.com"]
[Date "2024.06.18"]
[Round "1"]
[White "Oleg_Papayan"]
[Black "TOCANTINS_TO"]
[Result "1-0"]
[WhiteElo "2546"]
[BlackElo "2007"]
[TimeControl "180+1"]
[EndTime "14:05:58 PDT"]
[Termination "Oleg_Papayan won by resignation"]

1. d4 Nf6 2. Nc3 c5 3. d5 d6 4. e4 g6 5. Nf3 Bg7 6. h3 e6 7. dxe6 fxe6 8. Bf4 e5 9. Bg5 Be6 10. Nb5 Ke7 11. c4 Nc6 12. Bd3 h6 13. Bh4 g5 14.
Bg3 a6 15. Nc3 Nd4 16. Nxd4 cxd4 17. Nd5+ Nxd5 18. exd5 Qa5+ 19. Ke2 Bd7 20. Re1 Qb4 21.
Qc2 Rhf8 22. a3 Qb6 23. Kf1 a5 24. b3 Rf6 25. h4 Qd8 26. Qd2 g4 27. h5 Kf8 28.
Bh4 Qe7 29. Bg6 Kg8 30. Kg1 Raf8 31. Qxa5 g3 32. fxg3 1-0

[Event "Late-Titled-Tuesday-Blitz-June-18-2024"]
[Site "Chess.com"]
[Date "2024.06.18"]
[Round "1"]
[White "the"]
[Black "InadaC"]
[Result "1-0"]
[WhiteElo "2608"]
[BlackElo "2228"]
[TimeControl "180+1"]
[EndTime "14:06:00 PDT"]
[Termination "the won by checkmate"]

1. e4 e6 2. d4 d5 3. e5 c5 4. c3 Qb6 5. Nf3 Nc6 6. Be2 Bd7 7. O-O Nh6 8. Bxh6 gxh6 9. Qd2 Bg7 10. Na3 a6 11. Rab1 O-O 12. Nc2 f6 13. exf6 Rxf6 14.
Ne3 cxd4 15. cxd4 Rf4 16. Nc2 Raf8 17. Rfd1 Be8 18. b4 Bg6 19. b5 axb5 20. Rxb5 Qc7 21. Rdb1 Qd6 22. Bd3 Rg4 23. h3 Bxd3 24. Qxd3 Rg6 25.
Rxb7 Ne7 26. R1b6 Qd8 27. Qe3 Nf5 28. Qe2 Nh4 29. Nxh4 Qxh4 30. Rxe6 Rg5 31. Qe3 Qh5 32.
Ree7 Qd1+ 33. Ne1 Bxd4 34. Qe6+ Kh8 35. Rxh7# 1-0

[Event "Late-Titled-Tuesday-Blitz-June-18-2024"]
[Site "Chess.com"]
[Date "2024.06.18"]
[Round "1"]
[White "GoltsevDmitry2000"]
[Black "ArchibaldCerveza29"]
[Result "1-0"]
[WhiteElo "2711"]
[BlackElo "2386"]
[TimeControl "180+1"]
[EndTime "14:06:01 PDT"]
[Termination "GoltsevDmitry2000 won by resignation"]

1. e3 c5 2. d4 Nf6 3. dxc5 e6 4. Nf3 Bxc5 5. c4 O-O 6. Nc3 d5 7. cxd5 exd5 8. Bd3 Nc6 9. O-O Re8 10. a3 Bd6 11. b4 Bg4 12. h3 Bh5 13. Bb2 Qe7 14. Nb5 Bb8 15. Be2 a6 16. Nbd4 Qc7 17. Rc1 Qd6 18. Nf5 Qc7 19. Ng3 Bg6 20. Bxf6 gxf6 21. Qxd5 Rxe3 22.
fxe3 Qxg3 23. Rc4 h5 24. Qd7 Ne5 25. Rc8+ Kg7 26. Qe8 Nxf3+ 27. Rxf3 Qe1+ 28. Bf1 Bh2+ 29. Kxh2 Rxc8 30. Qxc8 1-0

[Event "Late-Titled-Tuesday-Blitz-June-18-2024"]
[Site "Chess.com"]
[Date "2024.06.18"]
[Round "1"]
[White "CFalcons8"]
[Black "Losingexperience"]
[Result "1-0"]
[WhiteElo "2442"]
[BlackElo "2741"]
[TimeControl "180+1"]
[EndTime "14:06:02 PDT"]
[Termination "CFalcons8 won by resignation"]

1. d4 Nf6 2. Nf3 g6 3. g3 Bg7 4. Bg2 O-O 5. O-O d6 6. c4 Nbd7 7. b3 e5 8. dxe5 dxe5 9. Bb2 Qe7 10. Nc3 c6 11. Nd2 Nc5 12. b4 Ne6 13. a3 Rd8 14. e3 a5 15. c5 axb4 16. axb4 Rxa1 17. Bxa1 Ng5 18. Qc2 Bh3 19. Nde4 Bf5 20. h4 Ngxe4 21. Nxe4 Qe6 22. Nxf6+ Bxf6 23. e4 Bh3 24. Rd1 Rxd1+ 25. Qxd1 Bxg2 26. Kxg2 Qc4 27. Qe1 h5 28. f3 Qa2+ 29.
Kh3 Be7 30. Bc3 f6 31. Qd2 Kf7 32. Qxa2+ 1-0

[Event "Late-Titled-Tuesday-Blitz-June-18-2024"]
[Site "Chess.com"]
[Date "2024.06.18"]
[Round "1"]
[White "OparinGrigoriy"]
[Black "Lady_Nika"]
[Result "1-0"]
[WhiteElo "3025"]
[BlackElo "2513"]
[TimeControl "180+1"]
[EndTime "14:06:03 PDT"]
[Termination "OparinGrigoriy won by resignation"]

1. Nc3 d5 2. d4 e6 3. Bf4 Bd6 4.
e3 f5 5. Nb5 Bxf4 6. exf4 Nf6 7. Nf3 O-O 8. c3 Ne4 9. Bd3 Nd7 10. O-O c6 11. Na3 Qc7 12. g3 b5 13. Nc2 a5 14.
a4 Ba6 15. Re1 Rfb8 16. axb5 Bxb5 17. Ra2 c5 18. Bxb5 Rxb5 19. dxc5 Ndxc5 20. Nfd4 Rb6 21. f3 Nf6 22. b4 Nb7 23. Re3 Qd7 24. Qe1 Kf7 25. Kg2 a4 26. b5 Nc5 27. Nb4 Rxb5 28. Nbc6 Qb7 29. Nxb5 Qxb5 30. Nd4 Qa6 31. Rae2 Re8 32.
Nxf5 Nd3 33. Qd1 Nxf4+ 34. gxf4 exf5 35. Rxe8 Nxe8 36. Qxd5+ Kf8 37. Qc5+ Kf7 38. Qe7+ Kg6 39. Qxe8+ Kh6 40. Re6+ 1-0

[Event "Late-Titled-Tuesday-Blitz-June-18-2024"]
[Site "Chess.com"]
[Date "2024.06.18"]
[Round "1"]
[White "ChessLover0108"]
[Black "Pitomina"]
[Result "1-0"]
[WhiteElo "2933"]
[BlackElo "2498"]
[TimeControl "180+1"]
[EndTime "14:06:03 PDT"]
[Termination "ChessLover0108 won by resignation"]

1. d4 d5 2. Nf3 Nf6 3. c4 dxc4 4. e3 e6 5. Bxc4 c5 6. O-O Nc6 7. dxc5 Qxd1 8. Rxd1 Bxc5 9. a3 Ke7 10. Be2 Bd7 11.
Nfd2 Rhd8 12. b4 Bd6 13. Bb2 Be5 14. Nc3 Be8 15. Nc4 Rxd1+ 16. Rxd1 Bxc3 17. Bxc3 Rd8 18. Rc1 b5 19. Nd2 Nd5 20. Bxg7 Nxe3 21. Ne4 Nd5 22. Bxb5 f5 23. Nc5 Nd4 24. Bf1 Nb5 25. Re1 Ndc7 26. Bh6 Kf6 27. a4 Nc3 28. b5 N3d5 29. h4 Bg6 30.
Bg5+ Kf7 31. Bxd8 Ne8 32. Nxe6 1-0

[Event "Late-Titled-Tuesday-Blitz-June-18-2024"]
[Site "Chess.com"]
[Date "2024.06.18"]
[Round "1"]
[White "betta2004"]
[Black "BardArtem"]
[Result "0-1"]
[WhiteElo "2479"]
[BlackElo "2856"]
[TimeControl "180+1"]
[EndTime "14:06:03 PDT"]
[Termination "BardArtem won by resignation"]

1. Nf3 d5 2. b3 Nf6 3. Bb2 Bf5 4. e3 e6 5. d4 Bd6 6. Nbd2 O-O 7. Ne5 c5 8. f4 Nc6 9. Be2 Rc8 10. O-O cxd4 11. exd4 Nb4 12. c3 Nc2 13. g4 Ne3 14. Qe1 Nxf1 15. Qxf1 Bxe5 16. gxf5 Bd6 17. fxe6 fxe6 18. Re1 Qc7 19. Qh3 Bxf4 20. Qxe6+ Kh8 21. Nf3 Rce8 22.
Qh3 Ne4 23. Bd3 Qb6 24. Qg2 Rf6 25. Kh1 Rg6 26. Qc2 Qe6 27. c4 Qh3 28. Bxe4 Rxe4 29. Qf2 Qxf3+ 0-1

[Event "Late-Titled-Tuesday-Blitz-June-18-2024"]
[Site "Chess.com"]
[Date "2024.06.18"]
[Round "1"]
[White "CrushingKings"]
[Black "randomo"]
[Result "1-0"]
[WhiteElo "2633"]
[BlackElo "2312"]
[TimeControl "180+1"]
[EndTime "14:06:03 PDT"]
[Termination "CrushingKings won by resignation"]

1. e4 e5 2. Nf3 Nc6 3. Bc4 Bc5 4. c3 Qf6 5. d3 h6 6. Nbd2 a6 7. Nf1 d6 8. Ne3 Nge7 9. O-O O-O 10. h3 Na5 11.
Nd5 Nxd5 12. Bxd5 c6 13. b4 cxd5 14. exd5 Bb6 15. bxa5 Bxa5 16. Bb2 Bb6 17. c4 Qg6 18. Kh2 f5 19. Qb3 Ba7 20. Rae1 Rb8 21. a4 Bd7 22. a5 Qe8 23. Nxe5 dxe5 24. Bxe5 Qd8 25.
Bxb8 Bxb8+ 26. Kh1 Bc8 27. c5 Qxa5 28. d6+ Kh8 29. d4 Qb5 30. Qxb5 axb5 31. Re7 Rd8 32. Rfe1 b4 33. Re8+ Rxe8 34. Rxe8+ Kh7 35. Rxc8 1-0

[Event "Late-Titled-Tuesday-Blitz-June-18-2024"]
[Site "Chess.com"]
[Date "2024.06.18"]
[Round "1"]
[White "Supergiuly"]
[Black "Sondremelaa"]
[Result "0-1"]
[WhiteElo "2309"]
[BlackElo "2629"]
[TimeControl "180+1"]
[EndTime "14:06:03 PDT"]
[Termination "Sondremelaa won by checkmate"]

1. e4 e5 2. Nf3 Nc6 3. Bc4 Nf6 4. d3 Bc5 5. O-O a6 6. c3 d6 7. Bb3 Ba7 8. Nbd2 O-O 9. Re1 Re8 10. Nf1 h6 11.
Ng3 Be6 12. d4 exd4 13. cxd4 Bg4 14. Be3 Nxe4 15. Nxe4 Rxe4 16. Qd3 Re8 17. Bc2 f5 18. h3 Bxf3 19. gxf3 Rf8 20. Qb3+ Kh8 21. Qxb7 Nxd4 22. Bd3 Bb6 23. Bxd4 Bxd4 24. Rac1 Qg5+ 25. Kf1 Qh4 26. Rc2 Qxh3+ 27. Ke2 Rae8+ 28. Kd2 Rxe1 29. Kxe1 Qh1+ 30.
Ke2 Re8+ 31. Kd2 Qe1# 0-1

[Event "Late-Titled-Tuesday-Blitz-June-18-2024"]
[Site "Chess.com"]
[Date "2024.06.18"]
[Round "1"]
[White "NovakRatko"]
[Black "Byniolus"]
[Result "0-1"]
[WhiteElo "2415"]
[BlackElo "2749"]
[TimeControl "180+1"]
[EndTime "14:06:05 PDT"]
[Termination "Byniolus won by resignation"]

1. d4 d6 2. c4 e5 3. d5 f5 4.
Nc3 Nf6 5. e3 Be7 6. f3 e4 7. f4 O-O 8. g3 c6 9. dxc6 bxc6 10.
Nh3 d5 11. cxd5 cxd5 12. Qb3 Kh8 13. Be2 Na6 14. O-O Nc5 15. Qd1 h6 16. Nf2 Ne6 17. Nb5 Bc5 18. a3 Bb6 19. b4 a6 20.
Nd4 Nxd4 21. exd4 Bd7 22. Be3 Bb5 23. a4 Bc4 24. Bxc4 dxc4 25. Rc1 Nd5 26. Qe2 Nxe3 27. Qxe3 Bxd4 28. Qe2 c3 29. Kh1 Qb6 30. b5 axb5 31.
axb5 Ra5 32. Rb1 Rfa8 33. Nh3 Ra2 34. Qh5 e3 35. Qf3 c2 36. Rbc1 Qxb5 37. Rxc2 Qxf1+ 38. Qxf1 Rxc2 0-1

[Event "Late-Titled-Tuesday-Blitz-June-18-2024"]
[Site "Chess.com"]
[Date "2024.06.18"]
[Round "1"]
[White "SilverCityIndigo"]
[Black "Bryanl106"]
[Result "0-1"]
[WhiteElo "2395"]
[BlackElo "2720"]
[TimeControl "180+1"]
[EndTime "14:06:05 PDT"]
[Termination "Bryanl106 won by resignation"]

1. d4 Nf6 2. Nf3 g6 3. c4 Bg7 4. g3 O-O 5. Bg2 d6 6. O-O Nc6 7. b3 Bg4 8. Bb2 Nd7 9. Nbd2 e5 10. d5 Ne7 11. Ne1 f5 12. h3 Bh5 13. f4 h6 14. Nc2 g5 15. fxg5 hxg5 16. g4 fxg4 17. e4 Bf7 18. Qxg4 Ng6 19. Ne3 Nf4 20. Nf5 Bh5 21.
Rxf4 Bxg4 22. Rxg4 Rf6 23. Rxg5 Rxf5 24. Rxf5 Bh6 25. Nf3 Nc5 26. Nh2 Be3+ 27. Kh1 Qh4 28. Ng4 Bf4 29. Rf1 Rf8 30. Rh5 Qxh5 0-1

[Event "Late-Titled-Tuesday-Blitz-June-18-2024"]
[Site "Chess.com"]
[Date "2024.06.18"]
[Round "1"]
[White "GMG"]
[Black "RichardShtivelband"]
[Result "1-0"]
[WhiteElo "2671"]
[BlackElo "2369"]
[TimeControl "180+1"]
[EndTime "14:06:05 PDT"]
[Termination "GMG won by resignation"]

1. d4 Nf6 2. g3 c5 3. d5 e6 4. c4 exd5 5. cxd5 d6 6. Nc3 g6 7. Bg2 Bg7 8. Nf3 O-O 9. O-O Re8 10. Bf4 a6 11. a4 Qc7 12. Rc1 Nbd7 13. Re1 Rb8 14.
e4 b5 15. axb5 axb5 16. b4 Nh5 17. Be3 Qb7 18. bxc5 dxc5 19. g4 Nhf6 20. Bf4 Ra8 21. e5 Nxg4 22. e6 Ndf6 23. Ng5 fxe6 24. dxe6 Qa7 25.
Nxb5 Qa5 26. Nc7 Qa2 27. Rc2 Qb3 28. Nxe8 1-0

[Event "Late-Titled-Tuesday-Blitz-June-18-2024"]
[Site "Chess.com"]
[Date "2024.06.18"]
[Round "1"]
[White "evgchess5"]
[Black "joksijoksi"]
[Result "1-0"]
[WhiteElo "2922"]
[BlackElo "2497"]
[TimeControl "180+1"]
[EndTime "14:06:07 PDT"]
[Termination "evgchess5 won by resignation"]

1. e4 c5 2. Nf3 d6 3. Bb5+ Nd7 4. d4 cxd4 5. Qxd4 a6 6. Be2 Ngf6 7. O-O e6 8. c4 Qc7 9. Nc3 Be7 10. Rd1 O-O 11.
b3 b6 12. Ba3 Bb7 13. Bxd6 Bxd6 14. Qxd6 Rac8 15. e5 Qxd6 16. Rxd6 Bxf3 17. exf6 Bxe2 18. Rxd7 Bh5 19. fxg7 Kxg7 20. Rd6 b5 21. Rxa6 bxc4 22. b4 Rfd8 23. Rc1 Rd3 24. b5 Rcd8 25. h3 Rd2 26. Rc6 Rb2 27. Rxc4 Bg6 28. a4 Rdd2 29. Nd1 Ra2 30. Rb4 Bc2 31. Nc3 Ra3 32. b6 Rxc3 33.
b7 1-0

[Event "Late-Titled-Tuesday-Blitz-June-18-2024"]
[Site "Chess.com"]
[Date "2024.06.18"]
[Round "1"]
[White "dennisodessa"]
[Black "tortorchess"]
[Result "1-0"]
[WhiteElo "2600"]
[BlackElo "2224"]
[TimeControl "180+1"]
[EndTime "14:06:07 PDT"]
[Termination "dennisodessa won by resignation"]

1. d4 d5 2. c4 c6 3. Nf3 Nf6 4. Nbd2 e6 5. e3 Nbd7 6. b3 Be7 7.
Bb2 O-O 8. Bd3 b6 9. O-O Bb7 10. Ne5 Rc8 11. f4 c5 12. Rc1 h6 13. Qe2 Ne4 14.
Nxe4 dxe4 15. Bb1 Nf6 16. Rfd1 Qc7 17. Ng4 Rfd8 18. dxc5 Qxc5 19. Bxf6 Bxf6 20. Nxf6+ gxf6 21. Kf2 Kh7 22. Qb2 Qf5 23. h3 Rg8 24. Rd7 Qg6 25.
g4 Bc6 26. Rxa7 f5 27. Rg1 Rcd8 28. Qc1 Qf6 29. Kg3 fxg4 30. hxg4 Qg6 31. Kh2 Rg7 32. Qe1 Qf6 33. b4 e5 34. b5 Ba8 35. Rxa8 Rxa8 36. Bxe4+ Kh8 37. Bxa8 exf4 38. Qf2 f3 39. Bxf3 Rg5 40.
Qg3 Kg7 41. Qf4 Qd8 42. Qd4+ Qxd4 43. exd4 1-0

[Event "Late-Titled-Tuesday-Blitz-June-18-2024"]
[Site "Chess.com"]
[Date "2024.06.18"]
[Round "1"]
[White "Crasyhealer"]
[Black "FairChess_on_YouTube"]
[Result "0-1"]
[WhiteElo "2525"]
[BlackElo "3098"]
[TimeControl "180+1"]
[EndTime "14:06:08 PDT"]
[Termination "FairChess_on_YouTube won by resignation"]

1. d4 Nf6 2. c4 g6 3. Nf3 Bg7 4. Nc3 O-O 5. e4 d6 6. h3 Re8 7. Be2 Nc6 8. O-O e5 9. d5 Nd4 10. Be3 Nxe2+ 11. Qxe2 b6 12. b4 a5 13. a3 Nh5 14.
Rac1 axb4 15. axb4 f5 16. Bg5 Qd7 17. exf5 Nf4 18.
Bxf4 exf4 19. Qd2 Qxf5 20. Nd4 Qh5 21. Rce1 Bxh3 22. gxh3 Qxh3 23. Qxf4 Rxe1 24. Rxe1 Qxc3 25. Re4 Rf8 26. Qe3 Qxe3 27. fxe3 Bxd4 28. Rxd4 g5 29. c5 bxc5 30. bxc5 Kg7 31. Re4 h5 32. Re7+ Rf7 33. cxd6 Rxe7 34. dxe7 Kf7 35. e4 Kxe7 36. e5 g4 37. Kh2 h4 38. Kg2 Kf7 39. Kf2 Ke7 40. Ke3 h3 41. Kf2 h2 42. Kg2 g3 43. Kh1 Kd7 44. Kg2 c5 0-1

[Event "Late-Titled-Tuesday-Blitz-June-18-2024"]
[Site "Chess.com"]
[Date "2024.06.18"]
[Round "1"]
[White "lucasran"]
[Black "Arteler"]
[Result "1-0"]
[WhiteElo "2595"]
[BlackElo "2205"]
[TimeControl "180+1"]
[EndTime "14:06:08 PDT"]
[Termination "lucasran won by checkmate"]

1. d4 Nf6 2. Bg5 Ne4 3. Bf4 Nf6 4. Nc3 g6 5. e4 d6 6. Qd2 Bg7 7. Bh6 O-O 8. f3 c5 9. d5 Na6 10. h4 Nc7 11. h5 e6 12. hxg6 fxg6 13. Bxg7 Kxg7 14.
Qh6+ Kg8 15. dxe6 Bxe6 16. O-O-O b5 17. e5 Rf7 18. exf6 Qxf6 19. Ne4 Qe5 20. Qh2 Qg7 21. Ng5 Bf5 22. Nxf7 Qxf7 23. Rxd6 Qxa2 24. Qxh7+ Kf8 25. Rf6+ Ke8 26. Qh8+ Ke7 27. Qg7+ Kd8 28. Rh8+ Ne8 29. Rd6+ Kc8 30. Rxe8# 1-0

[Event "Late-Titled-Tuesday-Blitz-June-18-2024"]
[Site "Chess.com"]
[Date "2024.06.18"]
[Round "1"]
[White "stollenmonster"]
[Black "Zq1"]
[Result "0-1"]
[WhiteElo "2901"]
[BlackElo "2509"]
[TimeControl "180+1"]
[EndTime "14:06:10 PDT"]
[Termination "Zq1 won by resignation"]

1. e4 c5 2. Nf3 d6 3. d4 cxd4 4. Nxd4 Nf6 5. Nc3 Nc6 6. Nde2 b6 7. g3 g6 8. Bg2 Ba6 9. O-O Bg7 10. Re1 O-O 11. Nd5 Rc8 12. c3 e6 13. Nxf6+ Bxf6 14. Bh6 Re8 15. Qa4 Bb7 16. Rad1 Qc7 17. h4 a6 18. Bg5 Bg7 19. Qa3 Ne5 20. b3 h6 21.
Bf4 Red8 22. Rd2 Bc6 23. Nd4 Bb7 24. c4 Ng4 25. Bh3 h5 26. f3 e5 27. fxg4 exf4 28.
gxf4 hxg4 29. Bxg4 Re8 30. Bxc8 Qxc8 31. b4 Qg4+ 32.
Rg2 Bxd4+ 33. Kf1 Qxf4+ 34. Ke2 Qxe4+ 0-1

[Event "Late-Titled-Tuesday-Blitz-June-18-2024"]
[Site "Chess.com"]
[Date "2024.06.18"]
[Round "1"]
[White "LaStreetCmaMaison"]
[Black "FMalexhdez"]
[Result "1-0"]
[WhiteElo "2616"]
[BlackElo "2277"]
[TimeControl "180+1"]
[EndTime "14:06:10 PDT"]
[Termination "LaStreetCmaMaison won on time"]

1. e4 c5 2. Nf3 d6 3. d4 cxd4 4. Nxd4 Nf6 5. Nc3 a6 6. Bg5 e6 7.
f4 Be7 8. Qf3 Qc7 9. O-O-O Nbd7 10. g4 b5 11. Bxf6 Nxf6 12. g5 Nd7 13. h4 Bb7 14. Kb1 Rc8 15. a3 Nb6 16. f5 e5 17.
Nde2 Nc4 18. f6 Bf8 19. Bh3 Rb8 20. h5 b4 21. axb4 d5 22. fxg7 Bxg7 23. h6 Bf8 24.
Nxd5 Bxd5 25. Rxd5 Rxb4 26. Bd7+ Qxd7 27. Rxd7 Kxd7 28.
Qxf7+ 1-0